 Dungeon Crawl Stone Soup version 0.31-a0-1405-g2bb1a01664 (webtiles) character file.

Game seed: 10845152982228452456

1491 grandjackal the Sneak (level 8, -2/52 HPs)
             Began as a Vampire Earth Elementalist on Dec 25, 2023.
             Was an Initiate of Dithmenos.
             Slain by an orc priest
             ... wielding a +0 flail
              (9 damage)
             ... on level 5 of the Dungeon on Dec 26, 2023.
             The game lasted 00:10:53 (5162 turns).

grandjackal the Sneak (Vampire Earth Elementalist)  Turns: 5162, Time: 00:10:54

Health: -2/52      AC:  4    Str:  7    XL:     8   Next: 51%
Magic:  11/11      EV: 12    Int: 19    God:    Dithmenos [......]
Gold:   316        SH:  0    Dex: 15    Spells: 4/11 levels left

rFire   . . .        k - +3 dagger (venom)
rCold   . . .        (no shield)
rNeg    . . .        a - +1 robe
rPois   .            (helmet restricted)
rElec   .            (no cloak)
rCorr   .            (no gloves)
SInv    +            t - +0 pair of boots
Will    +....        (no amulet)
Stlth   ++++         (no ring)
HPRegen 0.48/turn    (no ring)
MPRegen 0.12/turn

%: no passive effects
@: healing quickly
A: alive, fangs 3, see invisible, vampiric 2, hooves 1, horns 1, strong-willed
1, no potion heal 1
a: Exsanguinate, Renounce Religion


You were on level 5 of the Dungeon.
You worshipped Dithmenos.
Dithmenos was noncommittal.
You visited 1 branch of the dungeon, and saw 5 of its levels.
You also visited: Sewer and Ossuary.

You collected 316 gold pieces.

Inventory:

Hand Weapons
 k - a +3 dagger of venom (weapon)
Armour
 a - a +1 robe (worn)
 t - a +0 pair of boots (worn)
Wands
 u - a wand of digging (4)
Scrolls
 d - a scroll of vulnerability
 e - a scroll of fog
 g - 3 scrolls of enchant armour
 j - a scroll of poison {unknown}
 m - 3 scrolls of enchant weapon
 n - a scroll of blinking {unknown}
 p - a scroll of fear {unknown}
Potions
 b - 2 potions of magic
 f - a potion of mutation
 h - 5 potions of curing
 i - 2 potions of might
 l - 2 potions of haste
 o - 2 potions of attraction
 q - a potion of brilliance {unknown}
 r - a potion of heal wounds
 s - a potion of degeneration {unknown}


   Skills:
 - Level 4.0 Short Blades
 - Level 2.1 Dodging
 + Level 7.4 Stealth
 - Level 2.0 Spellcasting
 + Level 6.9 Earth Magic
 + Level 6.8 Alchemy


You had 4 spell levels left.
You knew the following spells:

 Your Spells              Type           Power      Damage    Failure   Level
a - Sandblast             Erth           56%        2d13      1%          1
b - Passwall              Alch/Erth      23%        N/A       1%          2
c - Petrify               Alch/Erth      28%        N/A       10%         4

Your spell library contained the following spells:

 Spells                   Type           Power      Damage    Failure   Level
 Cigotuvi's Dreadful Rot  Necr/Alch/Air  20%        N/A       10%         2
 Stone Arrow              Conj/Erth      30%        3d8       12%         3
 Brom's Barrelling Bould  Conj/Erth      15%        2d4       38%         4
 Dispel Undead            Necr           1%         3d6       86%         4
 Death Channel            Necr           0%         N/A       100%        6


Dungeon Overview and Level Annotations

Branches:
Dungeon (5/15)              Sewer (visited)         Ossuary (visited)
 Temple: D:4-7

Altars:
Dithmenos
Fedhas
Hepliaklqana
Kikubaaqudgha
Xom
Yredelemnul

Shops:
D:5 ((

Annotations:
D:5 Blork the orc


Innate Abilities, Weirdness & Mutations

Your natural rate of healing is accelerated.
You have razor-sharp teeth.
You have supernaturally acute eyesight. (SInv)
You are afflicted with vampirism and can become a bat while bloodless.
You have large cloven feet.
You have a pair of small horns on your head.
You are strong-willed. (Will+)
Potions are less effective at restoring your health.


Message History

The orc priest mumbles some strange prayers to Beogh against you.
Beogh smites you!
* * * LOW HITPOINT WARNING * * *
Your system partially rejects the healing.
You feel much better.
Blork the orc hits you from afar with a +0 trident.
The orc priest completely misses you. The orc hits you with a +0 club.
Blork the orc closely misses you. The ufetubus barely misses you.
The ufetubus closely misses you.
The orc priest attacks as it pursues you!
The orc priest hits you but does no damage.
The ufetubus hits you. The ufetubus barely misses you.
The ufetubus attacks as it pursues you! The ufetubus hits you.
* * * LOW HITPOINT WARNING * * *
The ufetubus hits you but does no damage.
The ufetubus attacks as it pursues you! The ufetubus hits you.
* * * LOW HITPOINT WARNING * * *
The ufetubus barely misses you.
Blork the orc attacks as he pursues you!
Blork the orc hits you from afar with a +0 trident!
* * * LOW HITPOINT WARNING * * *
The ufetubus slips past you! The ufetubus hits you.
* * * LOW HITPOINT WARNING * * *
The ufetubus barely misses you. The ufetubus closely misses you. x2
Your system partially rejects the healing.
You feel much better.
Blork the orc hits you from afar with a +0 trident!
* * * LOW HITPOINT WARNING * * *
The ufetubus closely misses you. The ufetubus barely misses you.
The ufetubus misses you. The ufetubus closely misses you.
Blork the orc closely misses you.
As you read the scroll labelled KOBBYLU UTSUST, it crumbles to dust.
It is a scroll of brand weapon.
Okay, then.
The ufetubus closely misses you. x2
The ufetubus hits you but does no damage.
The ufetubus hits you.
* * * LOW HITPOINT WARNING * * *
The orc priest hits you with a +0 flail!
You die...

.........## ##.####.#
##......## #.....##
####...## #.....#
###....### ##.###.##
#........####..####.#
..................#####
....####...........##
.... ##5.....###..##
... #@....## ###.## ..
#o5...# ##.# #oo..##
### #o...# #)..##
#.)..# #.....# #.....##
........


You could see Blork the orc (fast), 2 orc priests, 2 ufetubi and an orc.

Vanquished Creatures
  A black bear (D:5)
  A centaur (D:4)
  A phantom (D:4)
  3 elf zombies (Ossuary)
  4 kobold brigands (Sewer)
  A scorpion (D:5)
  A howler monkey (D:5)
  2 bombardier beetles
  A centaur zombie (Ossuary)
  A human zombie (Ossuary)
  A hound (D:4)
  An iguana (D:3)
  2 scorpion zombies (D:4)
  An orc wizard (D:3)
  8 hound zombies
  2 mummies (Ossuary)
  8 adders
  2 river rats (Sewer)
  2 ufetubi (D:3)
  2 adder skeletons (D:4)
  8 adder zombies
  5 worms
  6 dart slugs
  6 orcs
  4 endoplasms
  5 giant cockroaches
  8 goblins
  9 hobgoblins
  5 jackals
  2 quokkas
  17 ball pythons
  3 bats
  5 frilled lizards
  9 gnoll zombies (Ossuary)
  5 jackal zombies (Ossuary)
  11 kobolds
  5 kobold zombies (Ossuary)
  2 orc zombies (Ossuary)
  A quokka zombie (D:4)
  8 rats
169 creatures vanquished.

Notes
Turn   | Place    | Note
-------+----------+-------------------------------------------
     0 | D:1      | grandjackal the Vampire Earth Elementalist began the quest
                  | for the Orb.
     0 | D:1      | Reached XP level 1. HP: 13/13 MP: 3/3
   399 | D:1      | Reached XP level 2. HP: 9/19 MP: 0/5
  1115 | D:2      | Reached skill level 4 in Stealth
  1115 | D:2      | Gained mutation: You are afflicted with vampirism and can
                  | become a bat while bloodless. [Vampire growth]
  1115 | D:2      | Reached XP level 3. HP: 22/24 MP: 3/6
  1287 | D:2      | Reached skill level 1 in Short Blades
  1400 | D:2      | Reached XP level 4. HP: 30/30 MP: 7/7
  1863 | D:3      | Found a glowing drain.
  1964 | Sewer    | Entered a sewer
  1982 | Sewer    | Noticed a kobold brigand
  1997 | Sewer    | Killed a kobold brigand
  1998 | Sewer    | Reached skill level 5 in Stealth
  1998 | Sewer    | Reached XP level 5. HP: 16/35 MP: 2/8
  2152 | Sewer    | Reached XP level 6. HP: 41/41 MP: 5/9
  2452 | Sewer    | Reached skill level 6 in Stealth
  2452 | Sewer    | Gained mutation: You are vulnerable to heat. (rF-) [potion
                  | of mutation]
  2452 | Sewer    | Gained mutation: You are partially covered in iridescent
                  | scales. (AC +2) [potion of mutation]
  2536 | Sewer    | Lost mutation: You are vulnerable to heat. (rF-) [potion of
                  | mutation]
  2536 | Sewer    | Lost mutation: You are partially covered in iridescent
                  | scales. (AC +2) [potion of mutation]
  2536 | Sewer    | Gained mutation: You have a pair of small horns on your
                  | head. [potion of mutation]
  2536 | Sewer    | Gained mutation: Potions are less effective at restoring
                  | your health. [potion of mutation]
  2536 | Sewer    | Gained mutation: You are strong-willed. (Will+) [potion of
                  | mutation]
  2536 | Sewer    | Gained mutation: You have large cloven feet. [potion of
                  | mutation]
  2707 | D:3      | Found an ancient bone altar of Kikubaaqudgha.
  2946 | D:3      | Reached XP level 7. HP: 46/46 MP: 10/10
  3112 | D:3      | Learned a level 2 spell: Passwall
  3117 | D:3      | Learned a level 4 spell: Petrify
  3198 | D:4      | Reached skill level 5 in Earth Magic
  3203 | D:4      | Found a sand-covered staircase.
  3243 | Ossuary  | Entered an ossuary
  3417 | Ossuary  | Reached skill level 5 in Alchemy
  3806 | Ossuary  | Reached XP level 8. HP: 28/52 MP: 3/11
  4144 | D:4      | Found a shadowy altar of Dithmenos.
  4219 | D:4      | Became a worshipper of Dithmenos the Shadowed
  4287 | D:4      | Found a basalt altar of Yredelemnul.
  4448 | D:4      | Found a hazy altar of Hepliaklqana.
  4656 | D:4      | Identified the +7 flail of Dung {heavy, rC+ Int+3}
  4823 | D:5      | Entered Level 5 of the Dungeon
  4870 | D:5      | Reached skill level 7 in Stealth
  4921 | D:5      | Found a blossoming altar of Fedhas.
  4932 | D:5      | Found Onomesyi's Weapon Emporium.
  4950 | D:5      | Found Esaemuvo's Antique Weapon Shoppe.
  4986 | D:5      | Found a shimmering altar of Xom.
  5148 | D:5      | Noticed Blork the orc
  5162 | D:5      | Slain by an orc priest

Illustrated notes

Levels and vault maps discovered:
D:1:      kennysheep_arrival_forest, layout_loops_corners
D:2:      minmay_razor_zed, layout_rooms, minmay_misc_feat_alley,
          kennysheep_decorative_pillar
D:3:      layout_basic, amcnicky_altar_gilded, cheibrodos_sewer_entry_sluice
D:4:      layout_loops_cross, lemuel_round_altar,
          nicolae_yredelemnul_corpse_copse, mainiacjoe_overflow_surrounded_room,
          mainiacjoe_ossuary_entry_find_the_door, hangedman_decor_growths
D:5:      layout_layer_cave, nzn_overflow_gifts_of_might_and_magic,
          general_overflow_altar, lemuel_doored_altar, kennysheep_mini,
          serial_shops, shop, nicolae_square_shop, nicolae_shop_tiny_glass,
          shop, shop, uniq_menkaure, uniq_blork_the_orc, uniq_prince_ribbit1,
          uniq_sigmund

Skill      XL: |  1  2  3  4  5  6  7  8 |
---------------+-------------------------+-----
Stealth        | 4 5 6 7 |  7.4
Alchemy        | 2 3 4 5 6 |  6.8
Short Blades   | 1 2 3 4 |  4.0
Earth Magic    | 4 6 |  6.9
Dodging        | |  2.1
Spellcasting   | |  2.0

Action                     |  1- 3 |  4- 6 |  7- 9 || total
---------------------------+-------+-------+-------++-------
  Melee: Unarmed           |     9 |       |       ||     9
         Dagger            |    39 |   141 |   231 ||   411
         Bite              |     6 |    19 |    29 ||    54
         Punch             |     1 |     1 |     5 ||     7
         Kick              |       |     9 |    76 ||    85
         Headbutt          |       |     2 |    46 ||    48
   Cast: Sandblast         |    31 |    37 |    56 ||   124
         Petrify           |       |       |     1 ||     1
    Use: Potion            |       |     4 |     2 ||     6
         Scroll            |       |       |     8 ||     8
   Stab: Sleeping          |     2 |     4 |    16 ||    22
         Petrified         |       |       |     2 ||     2
 Armour: Robe              |    31 |    73 |   205 ||   309
  Dodge: Dodged            |    39 |    83 |   222 ||   344

Table legend: (Time is in decaauts)
 A = Elapsed time spent in this place.
 B = Non-inter-level travel time spent in this place.
 C = Inter-level travel time spent in this place.
 D = Time resting spent in this place.
 E = Time spent auto-exploring this place.
 F = Levels seen in this place.
 G = Mean time per level.
                   A        B        C        D        E       F      G
               +--------+--------+--------+--------+--------+-----+--------+
         Total |   5214 |   5110 |    104 |    886 |   2573 |   7 |  744.9 |
       Dungeon |   3761 |   3657 |    104 |    475 |   2321 |   5 |  752.2 |
         Sewer |    723 |    723 |      0 |    243 |    236 |   1 |  723.0 |
       Ossuary |    728 |    728 |      0 |    168 |     16 |   1 |  728.0 |
               +--------+--------+--------+--------+--------+-----+--------+

Top non-repeatable levels by time:
     D:1: 1048 daAuts
     D:4: 944 daAuts
     D:2: 816 daAuts
 Ossuary: 728 daAuts
   Sewer: 723 daAuts
     D:3: 616 daAuts
     D:5: 335 daAuts
